 Dungeon Crawl Stone Soup version 0.29.1-2-gbd0b4ee654 (webtiles) character file.

Game seed: 15376789286909302189

130 GorkyZ the Trooper (level 5, -4/33 HPs)
             Began as a Gargoyle Fighter on Nov 30, 2022.
             Slain by a kobold brigand
             ... wielding a +0 whip
              (5 damage)
             ... in a sewer.
             The game lasted 00:06:13 (3170 turns).

GorkyZ the Trooper (Gargoyle Fighter)               Turns: 3170, Time: 00:06:13

Health: -4/33      AC: 11    Str: 22    XL:     5   Next: 14%
Magic:  5/5        EV: 10    Int:  8    God:
Gold:   99         SH:  4    Dex:  9    Spells: 4/4 levels left

rFire   . . .      SeeInvis .   a - +0 flail
rCold   . . .      Faith    .   c - +0 buckler
rNeg    + . .      Spirit   .   i - +2 ring mail {rPois}
rPois   ∞          Reflect  .   (no helmet)
rElec   +          Harm     .   (no cloak)
rCorr   .          Rampage  .   (no gloves)
Will    .....                   (no boots)
Stlth   ..........              (no amulet)
HPRegen 0.11/turn               (no ring)
MPRegen 0.09/turn               (no ring)

@: very slow
A: sickness immunity, AC +4, negative energy resistance 1, electricity
resistance, torment resistance 1, petrification resistance
a: no special abilities


You were in a sewer.
You visited 1 branch of the dungeon, and saw 3 of its levels.
You also visited: Sewer.

You collected 99 gold pieces.

Inventory:

Hand Weapons
 a - a +0 flail (weapon)
 g - a +0 hand axe
Missiles
 f - 5 poisoned darts (quivered)
Armour
 b - a +0 scale mail
 c - a +0 buckler (worn)
 i - a +2 ring mail of poison resistance (worn)
Scrolls
 e - a scroll of teleportation
Potions
 d - a potion of might
 h - a potion of invisibility


   Skills:
 + Level 3.8 Fighting
 + Level 2.7 Maces & Flails
 + Level 1.3 Throwing
 + Level 3.7 Armour
 + Level 1.1 Dodging
 + Level 3.8 Shields
 + Level 1.3 Evocations


You had 4 spell levels left.
You didn't know any spells.
Your spell library was empty.

Dungeon Overview and Level Annotations

Branches:
Dungeon (3/15)              Sewer (1/1)

Altars:


Innate Abilities, Weirdness & Mutations

You are immune to sickness and miasma.
Your stone body is resilient. (AC +4)
You are immune to poison.
You resist negative energy. (rN+)
You are resistant to electric shocks. (rElec)
You are resistant to unholy torment.
You are immune to petrification.


Message History

The kobold brigand is heavily wounded.
The kobold brigand splashes around in the water.
Your unstable footing causes you to fumble your attack.
The kobold brigand splashes around in the water.
Your unstable footing causes you to fumble your attack.
The kobold brigand barely misses you.
The kobold brigand hits you with a +0 whip.
You are too injured to fight recklessly!
You are too injured to fight recklessly!
You are too injured to fight recklessly!
You are too injured to fight recklessly!
You are too injured to fight recklessly!
You are too injured to fight recklessly!
You are too injured to fight recklessly!
Unknown command.
Your unstable footing causes you to fumble your attack.
The kobold brigand hits you with a +0 whip.
Your unstable footing causes you to fumble your attack.
The kobold brigand hits you with a +0 whip.
* * * LOW HITPOINT WARNING * * *
The kobold brigand splashes around in the water.
Okay, then.
You closely miss the kobold brigand.
The kobold brigand is moderately wounded.
The kobold brigand hits you but does no damage.
Your unstable footing causes you to fumble your attack.
The kobold brigand hits you with a +0 whip!
* * * LOW HITPOINT WARNING * * *
You barely miss the kobold brigand.
The kobold brigand is moderately wounded.
The kobold brigand hits you but does no damage.
Your unstable footing causes you to fumble your attack.
The kobold brigand splashes around in the water.
The kobold brigand misses you.
You barely miss the kobold brigand.
The kobold brigand is moderately wounded.
The kobold brigand closely misses you.
Your unstable footing causes you to fumble your attack.
The kobold brigand hits you with a +0 whip.
You die...

#......#~≈~~~~
#......#~≈~~~
#......#~≈~#
#....~~#~~~#
#...~P#~≈~#
##...P~K~≈~#
#....~~KK≈~#
###..K~#K≈~#
#.KP.#@≈~#
##KK##~~~#
#..KK#~≈~#
#!..K#~≈~#
#..∩!#~≈~#
#!...#~≈~#
######~≈~#
#...'~~~#
#∩∩.#~≈~#


You could see a kobold brigand and 3 kobolds.

Vanquished Creatures
  2 adders (D:2)
  2 river rats (D:3)
  3 worms (D:2)
  4 orcs (D:3)
  4 ball pythons
  10 bats
  5 endoplasms
  4 giant cockroaches
  7 goblins
  8 hobgoblins
  3 jackals (D:3)
  6 quokkas
  5 frilled lizards
  5 kobolds
  7 rats
75 creatures vanquished.

Vanquished Creatures (others)
  2 plants (Sewer)
2 creatures vanquished.

Grand Total: 77 creatures vanquished

Notes
Turn   | Place    | Note
-------+----------+-------------------------------------------
     0 | D:1      | GorkyZ the Gargoyle Fighter began the quest for the Orb.
     0 | D:1      | Reached XP level 1. HP: 14/14 MP: 1/1
   164 | D:1      | Reached XP level 2. HP: 12/19 MP: 2/2
   916 | D:1      | Reached XP level 3. HP: 23/23 MP: 3/3
  1388 | D:2      | Reached skill level 1 in Evocations
  1892 | D:2      | Reached skill level 1 in Throwing
  1980 | D:2      | Reached XP level 4. HP: 24/28 MP: 4/4
  2781 | D:3      | Reached skill level 1 in Dodging
  2850 | D:3      | Reached XP level 5. HP: 8/33 MP: 5/5
  2897 | D:3      | Found a glowing drain.
  2908 | Sewer    | Entered a sewer
  3138 | Sewer    | Noticed a kobold brigand
  3166 | Sewer    | HP: 1/33 [kobold brigand/+0 whip (7)]
  3170 | Sewer    | Slain by a kobold brigand

Illustrated notes

Levels and vault maps discovered:
D:1:      elethiomel_arrival_quiet, layout_loops_ring, amcnicky_mini_pool_small
D:2:      minmay_chambers_of_ones, layout_basic, minivault_24,
          kennysheep_generic_room_13
D:3:      layout_rooms, nicolae_elyvilon_peaceful_grove, portal_sewer_entry_b,
          due_unseen_surprise
Sewer:    kennysheep_pipe_town

Skill      XL: |  1  2  3  4 |
---------------+-------------+-----
Evocations     | 1 |  1.3
Throwing       | 1 |  1.3
Dodging        | 1 |  1.1
Fighting       | |  3.8
Maces & Flails | |  2.7
Armour         | |  3.7
Shields        | |  3.8

Action                   |  1- 3 |  4- 6 || total
-------------------------+-------+-------++-------
Melee: Flail             |   171 |   150 ||   321
  Use: Scroll            |       |     4 ||     4
Armor: Scale mail        |   100 |   123 ||   223
       Ring mail         |       |     6 ||     6
Dodge: Dodged            |    85 |   104 ||   189
Block: Buckler           |    34 |    49 ||    83
